 Dungeon Crawl Stone Soup version 0.26-a0-519-gb2f46efeda (webtiles) character file.

Game seed: 9189673395263414615

38 ReteAZ the Cudgeler (level 3, -3/26 HPs)
             Began as a Human Chaos Knight on Aug 11, 2020.
             Was a Plaything of Xom.
             Slain by Sigmund
             ... wielding a +0 scythe
              (11 damage)
             ... on level 2 of the Dungeon.
             The game lasted 00:01:09 (810 turns).

ReteAZ the Cudgeler (Human Chaos Knight)             Turns: 810, Time: 00:01:10

Health: -3/26      AC:  5    Str: 13    XL:     3   Next: 65%
Magic:  3/3        EV: 11    Int: 12    God:    Xom [*.....]
Gold:   109        SH:  0    Dex: 12    Spells: 2/2 levels left

rFire    . . .     SeeInvis .   a - +0 mace (chaos)
rCold    . . .     Faith    .   (no shield)
rNeg     . . .     Spirit   .   b - +2 leather armour
rPois    .         Reflect  .   (no helmet)
rElec    .         Harm     .   (no cloak)
rCorr    .                      (no gloves)
MR       .....                  (no boots)
Stlth    +.........             (no amulet)
HPRegen  0.08/turn              (no ring)
MPRegen  0.08/turn              (no ring)

@: no status effects
A: blurry vision 1, frail 1
a: Renounce Religion


You were on level 2 of the Dungeon.
You worshipped Xom.
You were a special plaything of Xom.
You visited 1 branch of the dungeon, and saw 2 of its levels.

You collected 109 gold pieces.

Inventory:

Hand Weapons
 a - a +0 mace of chaos (weapon)
Armour
 b - a +2 leather armour (worn)
Scrolls
 d - a scroll of enchant weapon {unknown}
 e - a scroll of enchant armour {unknown}
 f - a scroll of immolation {unknown}
 h - a scroll of teleportation {unknown}
 i - a scroll of fog {unknown}
Potions
 c - a potion of curing {unknown}
 g - a potion of heal wounds {unknown}


   Skills:
 - Level 3.0 Fighting
 + Level 3.7 Maces & Flails
 + Level 3.0 Armour
 - Level 1.0 Dodging


You had 2 spell levels left.
You didn't know any spells.
Your spell library was empty.

Dungeon Overview and Level Annotations

Branches:
Dungeon (2/15)

Altars:

Annotations:
D:2 Sigmund


Innate Abilities, Weirdness & Mutations

Scrolls take you a little longer to read.
You are frail. (-10% HP)


Message History

You barely miss the hobgoblin.
The hobgoblin hits you but does no damage.
The hobgoblin hits you with a +0 club.
You swing at nothing.
Something hits you.
The hobgoblin hits you but does no damage.
You hit the hobgoblin but do no damage. Something hits you.
The hobgoblin closely misses you.
You barely miss the hobgoblin. Something hits you but does no damage.
The hobgoblin hits you but does no damage.
You sock the hobgoblin!
You kill the hobgoblin!
Something hits you.
You swing at nothing.
You swing at nothing.
Something hits you. Something hits you but does no damage.
Things that are here:
a +0 club; a hobgoblin corpse Something hits you.
Something hits you!
You die...

#####..#..##.
####...#.... ...
..........### #..
##........>.# #.#
#...........# #.#
............####.#
.##..............##
.##.........###...#####
####....##### #.@(....#
###.#### #..####.$.
##...# ##...# ...#.####
#)#..#
##......########.##..#
##..###...........##.#
...## ########....# ...
.### #....# #.. ..
#....# ..


There were no monsters in sight!

Vanquished Creatures
  3 dart slugs (D:1)
  3 leopard geckos
  2 giant cockroaches
  A goblin (D:1)
  4 hobgoblins
  A jackal (D:1)
  3 bats
  3 frilled lizards
  2 kobolds (D:1)
  2 rats (D:1)
24 creatures vanquished.

Vanquished Creatures (collateral kills)
  2 dart slugs (D:1)
  A rat (D:1)
3 creatures vanquished.

Vanquished Creatures (others)
  A leopard gecko (D:1)
1 creature vanquished.

Grand Total: 28 creatures vanquished

Notes
Turn   | Place    | Note
-------+----------+-------------------------------------------
     0 | D:1      | ReteAZ the Human Chaos Knight began the quest for the Orb.
     0 | D:1      | Reached XP level 1. HP: 18/18 MP: 1/1
    61 | D:1      | XOM: silly message
   140 | D:1      | Reached XP level 2. HP: 23/24 MP: 2/2
   372 | D:1      | Reached XP level 3. HP: 29/29 MP: 3/3
   380 | D:1      | XOM: summons 3 friendly demons
   439 | D:1      | XOM: give mutations
   439 | D:1      | Gained mutation: You are frail. (-10% HP) [Xom's mischief]
   439 | D:1      | Gained mutation: Scrolls take you a little longer to read.
                  | [Xom's mischief]
   793 | D:2      | Noticed Sigmund
   810 | D:2      | Slain by Sigmund

Illustrated notes

Levels and vault maps discovered:
D:1:      lightli_arrival_isolated_outpost, layout_basic, minmay_domino_4
D:2:      layout_rooms, old_standard_altar, uniq_sigmund

Skill      XL: |  1  2  3 |
---------------+----------+-----
Armour         | 3 |  3.0
Fighting       | |  3.0
Maces & Flails | |  3.7
Dodging        | |  1.0

Action                   || total
-------------------------++-------
Melee: Mace              ||    74
Armor: Leather armour    ||    27
Dodge: Dodged            ||    52

Table legend: (Time is in decaauts)
 A = Elapsed time spent in this place.
 B = Non-inter-level travel time spent in this place.
 C = Inter-level travel time spent in this place.
 D = Time resting spent in this place.
 E = Time spent auto-exploring this place.
 F = Levels seen in this place.
 G = Mean time per level.
                   A        B        C        D        E       F      G
               +--------+--------+--------+--------+--------+-----+--------+
         Total |    832 |    816 |     16 |      2 |    620 |   2 |  416.0 |
       Dungeon |    832 |    816 |     16 |      2 |    620 |   2 |  416.0 |
               +--------+--------+--------+--------+--------+-----+--------+

Top non-repeatable levels by time:
     D:1: 623 daAuts
     D:2: 209 daAuts
